 Dungeon Crawl Stone Soup version 0.31-a0-358-gac0dbeb3ab (webtiles) character file.

Game seed: 17535538096898518000

16 Bnni the Changeling (level 2, 0/18 HPs)
             Began as an Octopode Shapeshifter on July 25, 2023.
             Slain by an adder (1 damage)
             ... on level 2 of the Dungeon.
             The game lasted 00:00:41 (777 turns).

Bnni the Changeling (Octopode Shapeshifter)          Turns: 777, Time: 00:00:41

Health: 0/18       AC:  1    Str: 14    XL:     2   Next: 58%
Magic:  2/2        EV: 13    Int: 10    God:
Gold:   37         SH:  0    Dex: 12    Spells: 1/1 levels left

rFire   . .          .
                       - Unarmed
rCold   . . .        (no shield)
rNeg    . . .        (helmet currently unavailable)
rPois   .            (no amulet)
rElec   .            d - ring of flight
rCorr   .            (no ring)
SInv    .            (no ring)
Will    .....        (no ring)
Stlth   ++           (no ring)
HPRegen 0.23/turn    (no ring)
MPRegen 0.08/turn    (no ring)
                     (no ring)

%: no passive effects
@: mighty, lethally poisoned (0 -> -2), beast-form, flying
A: beast (slay +2), almost no armour, amphibious, 8 rings, camouflage 1,
gelatinous body 1, (nimble swimmer 1), tentacles
a: Begin Untransformation


You were on level 2 of the Dungeon.
You were a hulking beast.
You visited 1 branch of the dungeon, and saw 2 of its levels.

You collected 37 gold pieces.

Inventory:

Jewellery
 d - a ring of flight (left tentacle)
Talismans
 b - a beast talisman
Scrolls
 e - 2 scrolls of acquirement {unknown}
 f - a scroll of amnesia {unknown}
 h - a scroll of noise {unknown}
 i - a scroll of summoning {unknown}
 j - a scroll of teleportation {unknown}
 k - a scroll of identify {unknown}
Potions
 a - a potion of lignification
 g - a potion of magic
 l - a potion of attraction {unknown}
 m - a potion of enlightenment {unknown}
 n - a potion of berserk rage {unknown}


   Skills:
 + Level 1.4 Fighting
 - Level 2.0 Dodging
 + Level 3.2 Unarmed Combat
 * Level 3.3 Shapeshifting


You had one spell level left.
You didn't know any spells.
Your spell library was empty.

Dungeon Overview and Level Annotations

Branches:
Dungeon (2/15)

Altars:


Innate Abilities, Weirdness & Mutations

You are a hulking beast.
Your limbs bulge with bestial killing power. (Slay +2)
You cannot wear most types of armour.
You are amphibious.
You can wear up to eight rings at the same time.
Your skin changes colour to match your surroundings (Stealth+).
Your rubbery body absorbs attacks. (AC +1, EV +1)
((You are camouflaged when in or above water. (Stealth+)))
You have tentacles for arms and can constrict up to eight enemies at once.


Message History

The kobold throws a stone.
The stone hits you but does no damage.
A ball python comes into view.
The kobold throws a stone.
The stone barely misses you.
The goblin shoots a sling bullet.
The sling bullet hits you.
Found a stone staircase leading down.
The ball python hisses angrily.
An endoplasm comes into view.
The kobold throws a stone.
The stone closely misses you.
The goblin shoots a sling bullet.
The sling bullet misses you. The adder barely misses you.
The goblin shoots a sling bullet.
The sling bullet barely misses you.
You barely miss the adder. Your grab misses the adder.
The ball python bites you. The ball python grabs you.
The ball python constricts you. The adder closely misses you.
You tentacle-slap the ball python. You grab the ball python.
You squeeze the ball python.
You kill the ball python!
The adder barely misses you.
The goblin shoots a sling bullet.
The sling bullet hits you. The adder bites you.
Unknown command.
You tentacle-slap the adder. Your grab misses the adder.
The adder is heavily wounded.
The kobold hits you with a +0 whip.
* * * LOW HITPOINT WARNING * * *
The adder bites you.
* * * LOW HITPOINT WARNING * * *
You are lethally poisoned!
The adder poisons you!
The goblin shoots a sling bullet.
The sling bullet misses you.
It was a potion of magic.
Magic courses through your body.
* * * LOW HITPOINT WARNING * * *
You feel sick. The adder barely misses you.
The kobold hits you but does no damage.
The goblin shoots a sling bullet.
The sling bullet misses you.
Unknown command.
It was a potion of might.
You feel very mighty all of a sudden.
* * * LOW HITPOINT WARNING * * *
You feel sick. The adder bites you.
You die...

~~.. .........
~....#.......>.
.....#.........
.~~..#.........
~♣~≈#......#.#.# ♣.
~...J.......# ~~
#.KS.g...# # .
#..h....#
#....####.......#
.. #...........#
##.#.#†###.......#
#....†.###.......#
#.....##........(.#
..... #...##...###
##.# #....<.#.# #.
#....#.#.#


You could see an adder, an endoplasm, a goblin and a kobold.

Vanquished Creatures
  3 ball pythons
  2 bats
  2 endoplasms
  A giant cockroach (D:1)
  A goblin (D:1)
  A hobgoblin (D:2)
  2 quokkas
  A frilled lizard (D:1)
  A rat (D:1)
14 creatures vanquished.

Notes
Turn   | Place    | Note
-------+----------+-------------------------------------------
     0 | D:1      | Bnni the Octopode Shapeshifter began the quest for the Orb.
     0 | D:1      | Reached XP level 1. HP: 13/13 MP: 1/1
   125 | D:1      | Reached XP level 2. HP: 18/18 MP: 2/2
   777 | D:2      | Slain by an adder

Illustrated notes

Levels and vault maps discovered:
D:1:      dpeg_arrival_stone_temple_mockup, layout_loops_ring,
          hangedman_decor_opposing
D:2:      layout_rooms, chequers_ecumenical_altar_simple,
          amcnicky_mini_rare_corridor_liquid, chequers_serial_rivers_marsh,
          uniq_natasha

Action                     || total
---------------------------++-------
  Melee: Unarmed           ||    24
         Constrict         ||     4
         Tentacles         ||     2
         Punch             ||     1
    Use: Potion            ||     2
   Stab: Sleeping          ||     4
 Armour: Skin              ||     6
  Dodge: Dodged            ||    22

Table legend: (Time is in decaauts)
 A = Elapsed time spent in this place.
 B = Non-inter-level travel time spent in this place.
 C = Inter-level travel time spent in this place.
 D = Time resting spent in this place.
 E = Time spent auto-exploring this place.
 F = Levels seen in this place.
 G = Mean time per level.
                   A        B        C        D        E       F      G
               +--------+--------+--------+--------+--------+-----+--------+
         Total |    774 |    732 |     42 |      0 |    640 |   2 |  387.0 |
       Dungeon |    774 |    732 |     42 |      0 |    640 |   2 |  387.0 |
               +--------+--------+--------+--------+--------+-----+--------+

Top non-repeatable levels by time:
     D:1: 698 daAuts
     D:2: 76 daAuts
